 Dungeon Sprint DCSS version 0.24-a0-250-g6074511092 (webtiles) character file.

Game seed: 3342698909413310781

320 Redear the Grappler (level 8, -2/81 HPs)
             Began as a Ghoul Monk on Apr 15, 2019.
             Was a High Priest of Makhleb.
             Slain by the 27-headed Lernaean hydra (3 damage)
             ... in the Dungeon (Sprint VI: "Thunderdome").
             The game lasted 00:07:57 (851 turns).

Redear the Grappler (Ghoul Monk)                     Turns: 851, Time: 00:07:57

Health: -2/81      AC:  2    Str: 19    XL:     8   Next: 63%
Magic:  12/14      EV: 17    Int:  8    God:    Makhleb [*****.]
Gold:   315        SH:  0    Dex: 13    Spells: 7/7 levels left

rFire    . . .     SeeInvis .     - Unarmed
rCold    + . .     Gourm    .   (no shield)
rNeg     + + +     Faith    .   a - +0 robe
rPois    ∞         Spirit   .   (no helmet)
rElec    +         Reflect  .   (no cloak)
rCorr    .         Harm     .   (no gloves)
MR       .....     NoTele   +   (no boots)
Stlth    ++........             e - amulet of Ewela Baure {+Rage rElec rN++ Int+3}
HPRegen  0.00/turn              h - ring of the Serpent {-Tele +Inv rN+ Str+4}
MPRegen  0.14/turn              (no ring)

@: very slightly contaminated, rotting, hasted, invisible, very quick
A: rotting body, claws 1, carnivore, cold resistance 1, negative energy
resistance 3, inhibited regeneration, torment resistance, unbreathing
a: Minor Destruction, Lesser Servant of Makhleb, Major Destruction, Greater
Servant of Makhleb, Renounce Religion


You were in the Dungeon.
You worshipped Makhleb.
Makhleb was extremely pleased with you.
You were not hungry.

You visited 1 branch You collected 600 gold pieces.
You spent 285 gold pieces at shops.

Inventory:

Armour
 a - a +0 robe (worn)
Jewellery
 e - the amulet of Ewela Baure (around neck) {+Rage rElec rN++ Int+3}
   (You bought it in a shop in the Dungeon)

   [amulet of rage]

   It affects your intelligence (+3).
   It insulates you from electricity.
   It greatly protects you from negative energy.
   It lets you go berserk.
 h - the ring of the Serpent (left claw) {-Tele +Inv rN+ Str+4}
   (You bought it in a shop in the Dungeon)

   [ring of positive energy]

   It affects your strength (+4).
   It protects you from negative energy.
   It lets you turn invisible.
   It prevents most forms of teleportation.
 i - the ring "Ebyof" {rPois rC- MP+9 SInv Stlth+}
   (You bought it in a shop in the Dungeon)

   [ring of see invisible]

   It makes you vulnerable to cold.
   It protects you from poison.
   It affects your magic capacity (+9).
   It lets you see invisible.
   It makes you more stealthy.
Wands
 A - a wand of acid (2)
 I - a wand of iceblast (5)
Scrolls
 c - 3 scrolls of fog
 B - 4 scrolls of blinking {@r4}
Potions
 b - 3 potions of resistance {rF+ rC+ rPois rElec rCorr}
 f - 2 potions of magic
 g - a potion of berserk rage
 H - 2 potions of haste {@q5}
Comestibles
 z - a ration


   Skills:
 + Level 10.7 Fighting
 + Level 9.1 Dodging
 - Level 2.1 Stealth
 + Level 10.7 Unarmed Combat
 + Level 10.1 Invocations


You had 7 spell levels left.
You didn't know any spells.
Your spell library was empty.

Dungeon Overview and Level Annotations

Branches:
Dungeon (1/1)

Altars:
Cheibriados
Dithmenos
Fedhas
Gozag
Kikubaaqudgha
Makhleb
Okawaru
Qazlal
Ru
Sif Muna
Trog
Uskayaw
Vehumet
Wu Jian
Xom
Yredelemnul
Zin
The Shining One
Beogh
Jiyva
Lugonu

Shops:
D *[%??*?*:[((!!!!

Annotations:
D Lernaean hydra


Innate Abilities, Weirdness & Mutations

Your body is rotting away.
You thrive on raw meat.
You are immune to poison.
You have sharp fingernails.
You are carnivorous and can eat meat at any time.
Your flesh is cold resistant. (rC+)
You are immune to negative energy. (rN+++)
You do not regenerate when monsters are visible.
You are immune to unholy pain and torment.
You can survive without breathing.


Message History

Your hellwing dies!
The 27-headed Lernaean hydra bites your ynoxinul! x2
Your ynoxinul dies!
The 27-headed Lernaean hydra bites your neqoxec. x2
Your neqoxec dies!
The 27-headed Lernaean hydra roars deafeningly!
Unknown command.
You fail to use your ability.
You fade into invisibility!
You are very lightly contaminated with residual magic.
You feel quite a bit more hungry.
You now have 12/14 mp.
Your hellwing swoops through the air toward the 27-headed Lernaean hydra!
Your hellwing hits the 27-headed Lernaean hydra!
Your hellwing hits the 27-headed Lernaean hydra.
The 27-headed Lernaean hydra barely misses you.
The 27-headed Lernaean hydra bites you.
* * * LOW HITPOINT WARNING * * *
The 27-headed Lernaean hydra bites you.
You die...

#∩.......∩# #_......._#
#_......._# #........_#
###.........### #⌠§.§........⌠#
######.8.4.......8.######
##∩___....D.###......___∩##
###∩=.....FD8@# #.8........∩##
##............§###)............
#⌠.......[..###†..###..........
#⌠..........# #.<.# #..........
#⌠..........###...###..........
##.............###.............
###∩........8.# #.8........∩##
##∩___......###n......._∩##
######.8......°..8.######


You could see the 27-headed Lernaean hydra, a swamp dragon, a spiny frog and a
friendly hellwing.

Vanquished Creatures
  2 queen bees (D)
  Sigmund (D)
  A wraith (D)
  2 necrophages (D)
  6 killer bees (D)
  A wight (D)
  2 hounds (D)
  An adder skeleton (D)
  An adder zombie (D)
  A spectral bat (D)
  A bat skeleton (D)
  A giant cockroach (D)
  2 hobgoblins (D)
  A leopard gecko skeleton (D)
  A spectral jackal (D)
  A spectral leopard gecko (D)
  A spectral quokka (D)
26 creatures vanquished.

Vanquished Creatures (collateral kills)
  A bog body (D)
1 creature vanquished.

Grand Total: 27 creatures vanquished

Notes
Turn   | Place    | Note
-------+----------+-------------------------------------------
     0 | D        | Redear the Ghoul Monk began the quest for the Orb.
     0 | D        | Reached XP level 1. HP: 19/19 MP: 0/0
     5 | D        | Found a bloodstained altar of Trog.
     5 | D        | Found a deep blue altar of Sif Muna.
     5 | D        | Round 1.
     6 | D        | Found a shadowy altar of Dithmenos.
     6 | D        | Found a roughly hewn altar of Beogh.
     7 | D        | Found a glowing silver altar of Zin.
     7 | D        | Found a hide-covered altar of Uskayaw.
     8 | D        | Found Potil's Distillery.
     8 | D        | Found Ujoinadd's Do-It-Yourself Clinic.
     9 | D        | Found Puceont's Distillery.
     9 | D        | Found Hosourgh's Bottled Wisdom.
    10 | D        | Found a basalt altar of Yredelemnul.
    50 | D        | Noticed Sigmund
    53 | D        | Found Nesch's Staff Store.
    53 | D        | Found Qokyom's Must-Have Magic.
    54 | D        | Found Poqyocs's Magic Scroll Shop.
    55 | D        | Found a sacrificial altar of Ru.
    55 | D        | Found a corrupted altar of Lugonu.
    55 | D        | Found Qyssame's Magic Scroll Shop.
    59 | D        | Found a viscous altar of Jiyva.
    60 | D        | Found a blossoming altar of Fedhas.
    61 | D        | Found a burning altar of Makhleb.
    62 | D        | Found Decill's Delicious Food.
    63 | D        | Found Ajuobets's Jewellery.
    63 | D        | Found Leegg's Advanced Armour.
    64 | D        | Found an opulent altar of Gozag.
    64 | D        | Found a stormy altar of Qazlal.
    64 | D        | Found an iron altar of Okawaru.
    64 | D        | Found Xist's Identification Station.
    69 | D        | Became a worshipper of Makhleb the Destroyer
    69 | D        | Reached * piety under Makhleb
    69 | D        | Reached ** piety under Makhleb
    90 | D        | HP: 1/19 [something/magic dart (6)]
    94 | D        | Found an ornate altar of the Wu Jian Council.
    95 | D        | Found a radiant altar of Vehumet.
    98 | D        | Noticed a hound
   107 | D        | Killed a hound
   107 | D        | Reached skill level 4 in Fighting
   107 | D        | Reached skill level 3 in Dodging
   107 | D        | Reached skill level 4 in Unarmed Combat
   107 | D        | Reached skill level 3 in Invocations
   107 | D        | Reached XP level 2. HP: 28/28 MP: 0/3
   107 | D        | Reached XP level 3. HP: 34/34 MP: 0/4
   150 | D        | Reached skill level 5 in Fighting
   150 | D        | Reached skill level 4 in Dodging
   150 | D        | Reached skill level 5 in Unarmed Combat
   150 | D        | Reached XP level 4. HP: 14/42 MP: 3/5
   151 | D        | Found a glowing golden altar of the Shining One.
   153 | D        | Found a snail-covered altar of Cheibriados.
   153 | D        | HP: 3/42 [something/magic dart (4)]
   154 | D        | Found an ancient bone altar of Kikubaaqudgha.
   155 | D        | Found Dutay's Weapon Rack.
   157 | D        | Found a shimmering altar of Xom.
   157 | D        | Found Soepafae's Premium Goods.
   157 | D        | Found Ajaa's Basic Armour.
   157 | D        | Found Xinuahir's Miscellaneous Merchandise.
   189 | D        | Reached *** piety under Makhleb
   192 | D        | Killed Sigmund
   192 | D        | Arena points: 14 (+14) [x2]
   192 | D        | Reached skill level 7 in Fighting
   192 | D        | Reached skill level 6 in Dodging
   192 | D        | Reached skill level 7 in Unarmed Combat
   192 | D        | Reached skill level 6 in Invocations
   192 | D        | Reached XP level 5. HP: 35/52 MP: 5/8
   210 | D        | Bought a brightly glowing emerald amulet for 45 gold pieces
   210 | D        | Bought a fine amber ring for 45 gold pieces
   210 | D        | Bought a warped steel ring for 45 gold pieces
   210 | D        | Identified the amulet of Ewela Baure {+Rage rElec rN++
                  | Int+3} (You bought it in a shop in the Dungeon)
   211 | D        | Identified the ring of the Serpent {-Tele +Inv rN+ Str+4}
                  | (You bought it in a shop in the Dungeon)
   212 | D        | Identified the ring of Tanas {+Fly rPois Str+4 Dex-5
                  | Stlth+} (You bought it in a shop in the Dungeon)
   213 | D        | Round 2.
   217 | D        | Bought a scorched copper ring for 45 gold pieces
   217 | D        | Identified the ring "Ebyof" {rPois rC- MP+9 SInv Stlth+}
                  | (You bought it in a shop in the Dungeon)
   253 | D        | Noticed a necrophage
   257 | D        | Reached XP level 6. HP: 46/60 MP: 9/9
   259 | D        | Reached **** piety under Makhleb
   267 | D        | Killed a necrophage
   267 | D        | Reached skill level 7 in Invocations
   267 | D        | Noticed a necrophage
   285 | D        | Killed a necrophage
   285 | D        | Arena points: 56 (+42) [x3]
   285 | D        | Reached skill level 8 in Fighting
   285 | D        | Reached skill level 7 in Dodging
   285 | D        | Reached skill level 8 in Unarmed Combat
   322 | D        | Round 3.
   456 | D        | Reached ***** piety under Makhleb
   467 | D        | Noticed a wraith
   472 | D        | Reached XP level 7. HP: 55/69 MP: 11/11
   482 | D        | Killed a wraith
   482 | D        | Arena points: 140 (+84) [x4]
   482 | D        | Reached skill level 9 in Fighting
   482 | D        | Reached skill level 9 in Unarmed Combat
   482 | D        | Reached skill level 8 in Invocations
   507 | D        | Round 4.
   550 | D        | Noticed a queen bee
   564 | D        | Killed a queen bee
   564 | D        | Reached skill level 8 in Dodging
   564 | D        | Reached skill level 9 in Invocations
   574 | D        | Reached XP level 8. HP: 19/79 MP: 13/13
   575 | D        | Reached skill level 10 in Fighting
   575 | D        | Reached skill level 10 in Unarmed Combat
   586 | D        | Bought 3 potions of heal wounds for 105 gold pieces
   596 | D        | Noticed a queen bee
   612 | D        | HP: 2/79 [queen bee (16)]
   615 | D        | Killed a queen bee
   629 | D        | Reached ****** piety under Makhleb
   655 | D        | Arena points: 320 (+180) [x5]
   655 | D        | Reached skill level 10 in Invocations
   728 | D        | Round 5.
   728 | D        | Noticed the 27-headed Lernaean hydra
   729 | D        | Noticed a bog body
   789 | D        | Noticed a spiny frog
   811 | D        | Noticed a swamp dragon
   816 | D        | HP: 5/81 [swamp dragon (8)]
   846 | D        | Killed a bog body
   846 | D        | Reached skill level 9 in Dodging
   851 | D        | HP: 1/81 [the 27-headed Lernaean hydra (3)]
   851 | D        | Slain by the 27-headed Lernaean hydra

Levels and vault maps discovered:
D:        arena_sprint

Skill      XL: |  1  2  3  4  5  6  7  8 |
---------------+-------------------------+-----
Fighting       | 4 5 7 8 9 10 | 10.7
Dodging        | 3 4 6 7 8 9 |  9.1
Unarmed Combat | 4 5 7 8 9 10 | 10.7
Invocations    | 3 6 7 9 10 | 10.1
Stealth        | |  2.1

Action                   |  1- 3 |  4- 6 |  7- 9 || total
-------------------------+-------+-------+-------++-------
Melee: Unarmed           |     4 |    44 |    52 ||   100
       Punch             |       |       |     4 ||     4
Invok: Lesser Servant of |       |       |     6 ||     6
       Greater Servant o |       |       |     1 ||     1
 Abil: Evoke Invisibilit |       |       |     1 ||     1
Evoke: Wand              |     3 |       |       ||     3
  Use: Potion            |     2 |     2 |     6 ||    10
  Eat: Chunk             |       |       |     5 ||     5
Armor: Robe              |     1 |     6 |     1 ||     8
Dodge: Dodged            |     5 |    35 |    56 ||    96

Table legend:
 A = Non-vault XP
 B = Vault XP
 C = Vault XP percentage of total XP
 D = Non-vault monster count
 E = Vault monster count
 F = Vault count percentage of total count
                 A         B        C        D         E       F
            +---------+---------+-------+---------+---------+-------
      Total |    1928 |       0 |   0.0 |      27 |       0 |   0.0
            +---------+---------+-------+---------+---------+-------
          D |    1928 |       0 |   0.0 |      27 |       0 |   0.0
            +---------+---------+-------+---------+---------+-------
